 Dungeon Crawl Stone Soup version 0.27-a0-660-g90476cec82 (webtiles) character file.

Game seed: 10365767370571374963

1 MalarOregon the Caller (level 1, -1/11 HPs)
             Began as a Halfling Summoner on Mar 16, 2021.
             Hit by a stone thrown by a kobold (3 damage)
             ... on level 1 of the Dungeon.
             The game lasted 00:00:22 (74 turns).

MalarOregon the Caller (Halfling Summoner)            Turns: 74, Time: 00:00:22

Health: -1/11      AC:  2    Str:  9    XL:     1   Next: 22%
Magic:  0/3        EV: 14    Int: 13    God:
Gold:   0          SH:  0    Dex: 14    Spells: 2/3 levels left

rFire    . . .     SeeInvis .   (weapon restricted)
rCold    . . .     Faith    .   (shield restricted)
rNeg     . . .     Spirit   .   a - +0 robe
rPois    .         Reflect  .   (no helmet)
rElec    .         Harm     .   (no cloak)
rCorr    .         Rampage  .   (no gloves)
Will     .....                  (no boots)
Stlth    ++........             (no amulet)
HPRegen  0.03/turn              (no ring)
MPRegen  0.08/turn              (no ring)

@: no status effects
A: small, no large weapons, mutation resistance 1
a: no special abilities


You were on level 1 of the Dungeon.
You visited 1 branch of the dungeon, and saw 1 of its levels.

Inventory:

Armour
 a - a +0 robe (worn)
Potions
 b - a potion of curing {unknown}


   Skills:
 + Level 2.2 Dodging
 + Level 2.2 Stealth
 + Level 1.6 Spellcasting
 + Level 3.2 Summonings


You had 2 spell levels left.
You knew the following spells:

 Your Spells              Type           Power      Damage    Failure   Level
a - Summon Small Mammal   Summ           36%        N/A       7%          1

Your spell library contained the following spells:

 Spells                   Type           Power      Damage    Failure   Level
 Call Imp                 Summ           9%         N/A       11%         2
 Call Canine Familiar     Summ           9%         N/A       21%         3
 Summon Guardian Golem    Hex/Summ       5%         N/A       38%         3
 Summon Ice Beast         Ice/Summ       5%         N/A       80%         4
 Summon Lightning Spire   Summ/Air       5%         N/A       80%         4


Dungeon Overview and Level Annotations

Branches:
Dungeon (1/15)

Altars:


Innate Abilities, Weirdness & Mutations

You are small and have problems with some larger weapons.
You are somewhat resistant to further mutation.


Message History

Your bat hits the hobgoblin but does no damage.
The kobold closely misses your bat. The hobgoblin completely misses you.
The frilled lizard bites you.
Your bat hits the hobgoblin but does no damage.
Your bat hits the hobgoblin.
The kobold hits your rat with a +0 dagger.
Your rat dies!
Your rat's corpse disappears in a puff of smoke!
Your bat hits the hobgoblin. x2; The kobold completely misses your bat.
Your bat closely misses the frilled lizard.
Your bat hits the hobgoblin but does no damage.
Found a stone staircase leading down.
Your bat barely misses the hobgoblin. x2
Your bat barely misses the hobgoblin.
Your bat hits the hobgoblin but does no damage.
Your bat barely misses the hobgoblin.
Your bat hits the hobgoblin.
The hobgoblin dies!
Your bat barely misses the frilled lizard. x2
Your bat misses the frilled lizard. x2; Your bat hits the frilled lizard.
The frilled lizard misses your bat.
Number of times to repeat, then command key: You must enter the number of times for the command to repeat.
Your bat hits the frilled lizard.
The frilled lizard dies!
Your bat hits the kobold but does no damage.
You start resting.
A kobold is nearby!
A kobold is nearby!
The kobold throws a stone.
The stone hits you. The kobold barely misses your bat.
Your bat hits the kobold but does no damage.
The kobold misses your bat.
Your bat hits the kobold but does no damage.
Your bat misses the kobold. x2
You see here a frilled lizard corpse.
Your bat hits the kobold but does no damage. x2
You completely miss the kobold.
Your bat barely misses the kobold.
Your bat hits the kobold but does no damage.
The kobold hits you with a +0 club.
* * * LOW HITPOINT WARNING * * *
Your bat misses the kobold.
Your bat closely misses the kobold.
Your bat hits the kobold but does no damage. x3
The kobold misses your bat. x2
Your bat hits the kobold but does no damage.
Your bat misses the kobold.
The kobold throws a stone.
The stone closely misses your bat. The stone completely misses you.
The kobold throws a stone.
The stone closely misses your bat. The stone hits you.
You die...

.#######.#.# ##..##
.....$.#...#.####..§.#
...........#.#..§§...##
#.?≈≈≈≈(..#....§§§§..####
#.≈≈≈≈≈≈......≈§≈≈≈≈§##.##
##.≈≈≈≈≈≈...Kb.≈≈<>§§§#.#.##
#..≈≈≈≈≈≈.†bKb.≈≈≈≈§≈§.###.##
#...≈≈≈≈..####..≈≈≈≈.....##.#
#........## ##@.....#.#.#.##
##.#.#.#.# #.#######...## #.
#...#.## ##.# ##.## #
#.###..####..# #.# #.#
##.(....## #.# ... ###.##.#
#.# #####.###.##.# #.#
#........#########.#
#.###.##...........#


You could see 2 kobolds and 2 friendly bats.

Vanquished Creatures (collateral kills)
  A hobgoblin (D:1)
  A frilled lizard (D:1)
2 creatures vanquished.

Notes
Turn   | Place    | Note
-------+----------+-------------------------------------------
     0 | D:1      | MalarOregon the Halfling Summoner began the quest for the
                  | Orb.
     0 | D:1      | Reached XP level 1. HP: 11/11 MP: 3/3
    74 | D:1      | Hit by a stone thrown by a kobold

Illustrated notes

Levels and vault maps discovered:
D:1:      dpeg_arrival_pits, layout_loops_ring, minmay_misc_feat_tiny,
          item_on_display_a

Action                   || total
-------------------------++-------
Melee: Unarmed           ||     1
 Cast: Summon Small Mamm ||     4
Dodge: Dodged            ||     3

Table legend: (Time is in decaauts)
 A = Elapsed time spent in this place.
 B = Non-inter-level travel time spent in this place.
 C = Inter-level travel time spent in this place.
 D = Time resting spent in this place.
 E = Time spent auto-exploring this place.
 F = Levels seen in this place.
 G = Mean time per level.
                   A        B        C        D        E       F      G
               +--------+--------+--------+--------+--------+-----+--------+
         Total |     74 |     74 |      0 |      2 |     50 |   1 |   74.0 |
       Dungeon |     74 |     74 |      0 |      2 |     50 |   1 |   74.0 |
               +--------+--------+--------+--------+--------+-----+--------+

Top non-repeatable levels by time:
     D:1: 74 daAuts
